 Dungeon Crawl Stone Soup version 0.27-a0-797-g27d10ad80f (webtiles) character file.

Game seed: 10454770640240886226

21 polve the Chopper (level 2, -2/22 HPs)
             Began as a Demonspawn Gladiator on Mar 27, 2021.
             Slain by a gnoll
             ... wielding a +0 club
              (4 damage)
             ... on level 2 of the Dungeon.
             The game lasted 00:00:42 (1187 turns).

polve the Chopper (Demonspawn Gladiator)            Turns: 1187, Time: 00:00:43

Health: -2/22      AC:  5    Str: 14    XL:     2   Next: 65%
Magic:  2/2        EV: 12    Int:  9    God:
Gold:   48         SH:  0    Dex: 14    Spells: 1/1 levels left

rFire    . . .     SeeInvis .   a - +0 war axe
rCold    . . .     Faith    .   (no shield)
rNeg     . . .     Spirit   .   b - +0 leather armour
rPois    .         Reflect  .   c - +0 helmet
rElec    .         Harm     .   h - +0 cloak
rCorr    .         Rampage  .   (no gloves)
Will     .....                  (no boots)
Stlth    +.........             (no amulet)
HPRegen  0.07/turn              (no ring)
MPRegen  0.08/turn              (no ring)

@: slowed, very slow
A: talons 1
a: no special abilities


You were on level 2 of the Dungeon.
You visited 1 branch of the dungeon, and saw 2 of its levels.

You collected 48 gold pieces.

Inventory:

Hand Weapons
 a - a +0 war axe (weapon)
Missiles
 d - 3 throwing nets (quivered)
Armour
 b - a +0 leather armour (worn)
 c - a +0 helmet (worn)
 h - a +0 cloak (worn)
Scrolls
 e - a scroll of enchant armour {unknown}
 g - a scroll of identify {unknown}
 i - a scroll of holy word {unknown}
Potions
 f - a potion of lignification {unknown}


   Skills:
 - Level 2.0 Fighting
 + Level 3.6 Axes
 - Level 1.7 Throwing
 - Level 2.6 Dodging


You had one spell level left.
You didn't know any spells.
Your spell library was empty.

Dungeon Overview and Level Annotations

Branches:
Dungeon (2/15)

Altars:

Shops:
D:1 (

Annotations:
D:2 Jessica


Innate Abilities, Weirdness & Mutations

You have sharp toenails.


Message History

You are too injured to fight recklessly!
You are too injured to fight recklessly!
You are too injured to fight recklessly!
You are too injured to fight recklessly!
You are too injured to fight recklessly!
You are too injured to fight recklessly!
You are too injured to fight recklessly!
You are too injured to fight recklessly!
You are too injured to fight recklessly!
You are too injured to fight recklessly!
You are too injured to fight recklessly!
You are too injured to fight recklessly!
You closely miss Jessica.
The goblin shoots a sling bullet.
The sling bullet closely misses you.
Jessica gestures wildly while chanting.
Jessica blinks!
Jessica very coldly says, "I hate your company."
Jessica gestures at you while chanting.
You feel yourself slow down.
The goblin shoots a sling bullet.
The sling bullet hits you.
Jessica mumbles something strange.
Jessica closely misses you.
The goblin shoots a sling bullet.
The sling bullet barely misses you.
You barely miss Jessica.
Jessica gestures wildly while chanting.
Jessica blinks!
A gnoll comes into view. It is wielding a +0 club.
The goblin shoots a sling bullet.
The sling bullet closely misses you.
A gnoll comes into view. It is wielding a +0 club.
Jessica hits you but does no damage.
The goblin shoots a sling bullet.
The sling bullet hits you.
* * * LOW HITPOINT WARNING * * *
Jessica hits you but does no damage.
The gnoll shouts!
You hear a shout!
The goblin shoots a sling bullet.
The sling bullet hits you.
* * * LOW HITPOINT WARNING * * *
Jessica says, "Why did you come here?" Jessica closely misses you.
The gnoll hits you with a +0 club.
You die...

.$ #. #.# g
#.###### .
#.#....#
#.#.#.#.#
#.#.g@..#
#####.#g@.###
......g..##
###...g.##
#######...###..#
........## ##.#
.........## #.#
..........# #.#
..........# #.#
..........# #.##


You could see 3 gnolls, Jessica and a goblin.

Vanquished Creatures
  A dart slug (D:1)
  2 endoplasms (D:1)
  A giant cockroach (D:1)
  2 goblins
  2 jackals (D:1)
  A kobold (D:1)
  2 quokkas (D:1)
  3 ball pythons (D:1)
  A bat (D:1)
  A rat (D:1)
16 creatures vanquished.

Notes
Turn   | Place    | Note
-------+----------+-------------------------------------------
     0 | D:1      | polve the Demonspawn Gladiator began the quest for the Orb.
     0 | D:1      | Reached XP level 1. HP: 16/16 MP: 1/1
   121 | D:1      | Found Baihir's Weapon Shop.
   129 | D:1      | Reached skill level 3 in Axes
   319 | D:1      | Gained mutation: You have sharp toenails. [demonic
                  | ancestry]
   319 | D:1      | Reached XP level 2. HP: 22/22 MP: 2/2
  1176 | D:2      | Noticed Jessica
  1187 | D:2      | Slain by a gnoll

Illustrated notes

Levels and vault maps discovered:
D:1:      saegor_arrival_simple_e, layout_loops_corners, serial_shops, shop
D:2:      layout_rooms, chequers_ecumenical_altar_island, st_stairs_5,
          uniq_sigmund, uniq_terence, uniq_jessica

Skill      XL: |  1 |
---------------+----+-----
Axes           | 3 |  3.6
Fighting       | |  2.0
Throwing       | |  1.7
Dodging        | |  2.6

Action                   || total
-------------------------++-------
Melee: War axe           ||    41
       Kick              ||     2
 Stab: Sleeping          ||     1
Armor: Leather armour    ||    12
Dodge: Dodged            ||    28

Table legend: (Time is in decaauts)
 A = Elapsed time spent in this place.
 B = Non-inter-level travel time spent in this place.
 C = Inter-level travel time spent in this place.
 D = Time resting spent in this place.
 E = Time spent auto-exploring this place.
 F = Levels seen in this place.
 G = Mean time per level.
                   A        B        C        D        E       F      G
               +--------+--------+--------+--------+--------+-----+--------+
         Total |   1202 |   1142 |     60 |      0 |   1027 |   2 |  601.0 |
       Dungeon |   1202 |   1142 |     60 |      0 |   1027 |   2 |  601.0 |
               +--------+--------+--------+--------+--------+-----+--------+

Top non-repeatable levels by time:
     D:1: 1164 daAuts
     D:2: 38 daAuts
